 Dungeon Crawl Stone Soup version 0.24-a0-517-gd52e2fb (webtiles) character file.

Game seed: 6976202873562841043

15357 Balder the Cleaver (level 12, -4/105 HPs)
             Began as a Hill Orc Fighter on July 16, 2019.
             Was a High Priest of Okawaru.
             Slain by a ten-headed hydra (6 damage)
             ... on level 2 of the Lair of Beasts on July 22, 2019.
             The game lasted 01:20:52 (16447 turns).

Balder the Cleaver (Hill Orc Fighter)              Turns: 16447, Time: 01:20:53

Health: -4/105     AC: 24    Str: 25    XL:     12   Next: 26%
Magic:  14/16      EV: 13    Int:  8    God:    Okawaru [*****.]
Gold:   1202       SH: 15    Dex: 17    Spells: 11/11 levels left

rFire    + . .     SeeInvis .   b - +5 hand axe
rCold    + . .     Gourm    .   c - +0 shield
rNeg     . . .     Faith    .   r - +4 chain mail
rPois    +         Spirit   .   (no helmet)
rElec    +         Reflect  .   j - +2 cloak
rCorr    +         Harm     .   X - +2 pair of gloves {Dex+3}
MR       .....                  (no boots)
Stlth    ..........             g - amulet of the acrobat
HPRegen  0.27/turn              k - ring of flight
MPRegen  0.15/turn              P - +5 ring of strength

@: about to teleport, resistant, heroism
A: no striking features
a: Heroism, Finesse, Renounce Religion, Evoke Flight


You were on level 2 of the Lair of Beasts.
You worshipped Okawaru.
Okawaru was extremely pleased with you.
You were not hungry.

You visited 4 branches of the dungeon, and saw 14 of its levels.
You also visited: Sewer.

You collected 1202 gold pieces.

Inventory:

Hand Weapons
 a - the +6 rapier "Beablone" {freeze, -Tele rPois Int+4}
   (You found it on level 8 of the Dungeon)

   It has been specially enchanted to freeze those struck by it, causing extra
   injury to most foes and up to half again as much damage against particularly
   susceptible opponents.
   It can also slow down cold-blooded creatures.
   It affects your intelligence (+4).
   It protects you from poison.
   It prevents most forms of teleportation.
 b - a +5 hand axe (weapon)
 F - the +5 arbalest of Vengeance {elec, Str+3, unknown}
   (You found it on level 7 of the Dungeon)

   It charges the ammunition it shoots with electricity; occasionally upon a
   hit, such missiles may discharge and cause terrible harm.
   It affects your strength (+3).
 Q - a +1 whip of electrocution
 S - a +4 vampiric rapier
 U - a +2 trident of venom
Missiles
 q - 10 boomerangs
 s - 42 poisoned darts (quivered)
 Y - 2 throwing nets
 Z - 5 silver javelins
Armour
 c - a +0 shield (worn)
 j - a +2 cloak (worn)
 r - a +4 chain mail (worn)
 X - a +2 pair of gloves of dexterity (worn)
Jewellery
 g - an amulet of the acrobat (around neck)
 k - a ring of flight (left hand)
 I - an uncursed ring of protection from cold
 N - an uncursed amulet of faith {unknown}
 P - a +5 ring of strength (right hand)
Wands
 v - a wand of clouds (2)
 w - a wand of iceblast (18)
 y - a wand of digging (7)
 B - a wand of flame (35)
 L - a wand of disintegration (10)
 V - a wand of paralysis (8)
Scrolls
 e - 2 scrolls of enchant armour
 h - 4 scrolls of amnesia {unknown}
 i - 2 scrolls of teleportation
 o - 4 scrolls of magic mapping
 p - 2 scrolls of enchant weapon {unknown}
 t - a scroll of identify
 A - 10 scrolls of remove curse
 C - a scroll of random uselessness {unknown}
 D - a scroll of fear {unknown}
 G - a scroll of vulnerability {unknown}
 J - a scroll of noise {unknown}
 K - 2 scrolls of fog
 M - a scroll of brand weapon {unknown}
 O - a scroll of summoning {unknown}
Potions
 d - 2 potions of brilliance {unknown}
 l - 3 potions of agility
 m - 3 potions of curing
 n - 2 potions of flight {unknown}
 u - a potion of invisibility {unknown}
 x - 2 potions of lignification {unknown}
 z - a potion of mutation {unknown}
 E - 2 potions of haste
 H - a potion of resistance
Miscellaneous
 R - a phial of floods
 T - 2 boxes of beasts
 W - a lightning rod (3/4)
Comestibles
 f - 18 rations


   Skills:
 * Level 9.5(14.5) Fighting
 * Level 4.1(9.1) Short Blades
 * Level 12.7(18.7) Axes
 * Level 5.6(14.0) Maces & Flails
 * Level 5.1(13.7) Polearms
 + Level 1.6(6.6) Throwing
 * Level 9.4(14.4) Armour
 + Level 1.1(6.1) Dodging
 + Level 0.7(5.7) Stealth
 * Level 10.0(15.0) Shields
 * Level 5.8 Invocations
 + Level 0.5 Evocations


You had 11 spell levels left.
You didn't know any spells.
Your spell library contained the following spells:

 Spells                   Type           Power        Failure   Level  Hunger
 Beastly Appendage        Tmut           #.....       87%         1    ##.....
 Sticks to Snakes         Tmut           #.......     95%         2    ###....
 Spider Form              Tmut/Pois      #.........   99%         3    ####...
 Ice Form                 Ice/Tmut       #.......     100%        4    #####..
 Leda's Liquefaction      Hex/Erth       #.........   100%        4    #####..
 Blade Hands              Tmut           #.........   100%        5    ######.
 Bolt of Magma            Conj/Fire/Erth #.........   100%        5    ######.
 Iron Shot                Conj/Erth      #.........   100%        6    #######
 Statue Form              Tmut/Erth      #........    100%        6    #######
 Shatter                  Erth           #.........   100%        9    #######


Dungeon Overview and Level Annotations

Branches:
Dungeon (9/15)             Temple (1/1) D:6            Lair (2/6) D:8
  Snake (0/4) Lair:2          Orc (2/2) D:9
  Swamp: Lair:2-4    Shoals: Lair:2-4       Elf: Orc:2

Altars:
Ashenzari
Cheibriados
Dithmenos
Elyvilon
Gozag
Kikubaaqudgha
Okawaru
Sif Muna
Uskayaw
Vehumet
Zin

Shops:
D:5 *   D:7 *

Annotations:
D:3 3 runed translucent doors, DinnerBoy7's ghost, amateur FoFi
D:4 2 runed translucent doors, DinnerBoy7's ghost, amateur GnFi
D:8 1 runed translucent door
D:9 2 transporters, Brisketman's ghost, journeyman MiBe


Message History

The nine-headed hydra bites you but does no damage.
The nine-headed hydra barely misses you.
The nine-headed hydra bites you but does no damage.
The nine-headed hydra bites you.
* * * LOW HITPOINT WARNING * * *
The nine-headed hydra bites you but does no damage.
Unknown command.
You hack one of the nine-headed hydra's heads off!
The eight-headed hydra grows two more!
You slash the ten-headed hydra!
The ten-headed hydra is moderately wounded.
You block the ten-headed hydra's attack.
The ten-headed hydra bites you but does no damage.
The ten-headed hydra bites you!
* * * LOW HITPOINT WARNING * * *
The ten-headed hydra bites you but does no damage.
The ten-headed hydra bites you!
* * * LOW HITPOINT WARNING * * *
You block the ten-headed hydra's attack.
The ten-headed hydra bites you.
You die...

##P.##...# #....
#....##..### ####.
##..P##.....# ######.
#...###....## #P.....
#P..# ##...# #......
##..## #..h# #.....#
#..h## #P..#######.##
#.hhD## ##..#.#.######
......##@###.........####
.t.....
###............##.
....... #P............#.
......# ##...............
...... #................
...... #................
##...............
###.............
#.#...........P


You could see a ten-headed hydra and 3 wolves.

Vanquished Creatures
  2 hydras (Lair:1)
  A two-headed ogre (Orc:1)
  An orc knight (Orc:1)
  A cyclops (Orc:1)
  Pikel (D:6)
  An orc sorcerer (Orc:1)
  3 black mambas (Lair:2)
  2 komodo dragons (Lair:2)
  2 trolls (Orc:1)
  5 polar bears
  Grinder (D:3)
  2 hippogriffs (D:8)
  A wyvern (D:7)
  8 yaks
  A basilisk (Lair:2)
  A warg (Orc:1)
  A porcupine (Lair:1)
  Duvessa (D:6)
  4 water moccasins
  10 orc warriors
  A slave (D:6)
  2 ice beasts
  A black bear (D:7)
  16 ogres
  A phantom (D:4)
  4 centaurs
  A necrophage (D:8)
  4 wolves
  2 crocodiles (Lair:2)
  7 big kobolds
  5 bullfrogs
  Dowan (D:6)
  2 scorpions
  A jelly (D:8)
  4 killer bees
  A wight (D:9)
  An electric eel (D:9)
  A howler monkey (D:7)
  4 crimson imps
  A bullfrog zombie (D:8)
  A centaur zombie (D:8)
  2 bullfrog skeletons
  4 hounds
  5 orc priests
  Ijyb (D:3)
  Terence (D:3)
  8 iguanas
  8 orc wizards
  7 worker ants
  3 hound skeletons
  2 worker ant zombies
  Robin (D:2)
  6 gnolls (D:4)
  A howler monkey skeleton (D:7)
  20 adders
  A river rat (D:5)
  5 shadow imps
  A white imp (D:9)
  2 ufetubi (D:9)
  11 oozes (Sewer)
  2 adder skeletons
  3 worms (D:5)
  2 dart slugs (D:2)
  An adder simulacrum (D:9)
  17 leopard geckos
  21 orcs
  8 ball pythons
  10 giant cockroaches
  13 goblins
  14 hobgoblins
  12 jackals
  5 quokkas
  9 bats
  12 frilled lizards
  51 kobolds
  A quokka skeleton (D:5)
  9 rats
389 creatures vanquished.

Vanquished Creatures (others)
  14 fungi
  11 plants
25 creatures vanquished.

Grand Total: 414 creatures vanquished

Notes
Turn   | Place    | Note
-------+----------+-------------------------------------------
     0 | D:1      | Balder the Hill Orc Fighter began the quest for the Orb.
     0 | D:1      | Reached XP level 1. HP: 19/19 MP: 1/1
   228 | D:1      | Reached XP level 2. HP: 26/27 MP: 2/2
   608 | D:1      | Upgraded the game from 0.24-a0-501-gc560d0b to
                  | 0.24-a0-513-g284f782
   641 | D:1      | Reached XP level 3. HP: 25/34 MP: 3/3
  1107 | D:2      | Reached skill level 3 in Axes
  1686 | D:2      | Noticed Robin
  1694 | D:2      | Reached XP level 4. HP: 33/41 MP: 4/4
  2168 | D:2      | Killed Robin
  2441 | D:3      | Reached skill level 4 in Axes
  2895 | D:3      | Noticed Terence
  2916 | D:3      | Killed Terence
  2916 | D:3      | Reached XP level 5. HP: 37/47 MP: 5/5
  3054 | D:3      | Noticed Grinder
  3063 | D:3      | Killed Grinder
  3063 | D:3      | Reached skill level 5 in Fighting
  3063 | D:3      | Reached skill level 6 in Axes
  3063 | D:3      | Reached XP level 6. HP: 56/56 MP: 6/6
  3169 | D:3      | Noticed Ijyb
  3183 | D:3      | Killed Ijyb
  3296 | D:3      | Found a runed translucent gate.
  3296 | D:3      | Noticed DinnerBoy7's ghost (amateur FoFi)
  3297 | D:3      | Found a runed translucent gate.
  3297 | D:3      | Found a runed translucent gate.
  3468 | D:4      | Found a large runed translucent door.
  3468 | D:4      | Found a large runed translucent door.
  3472 | D:4      | Noticed DinnerBoy7's ghost (amateur GnFi)
  3504 | D:4      | Noticed a phantom
  3519 | D:4      | Upgraded the game from 0.24-a0-513-g284f782 to
                  | 0.24-a0-516-g9de272b
  3571 | D:4      | Killed a phantom
  3571 | D:4      | Reached XP level 7. HP: 54/61 MP: 7/7
  3589 | D:4      | Found a shadowy altar of Dithmenos.
  3598 | D:4      | Reached skill level 7 in Axes
  3776 | D:4      | Reached skill level 5 in Shields
  4297 | D:4      | Reached skill level 8 in Axes
  4358 | D:4      | Reached XP level 8. HP: 70/70 MP: 8/8
  4573 | D:4      | Reached skill level 5 in Armour
  4756 | D:5      | Entered Level 5 of the Dungeon
  4811 | D:5      | Reached skill level 9 in Axes
  5166 | D:5      | Found Raope's Assorted Antiques.
  5288 | D:5      | Found a glowing drain.
  5343 | Sewer    | Entered a sewer
  6140 | D:5      | Reached skill level 10 in Axes
  6189 | D:6      | Reached XP level 9. HP: 78/78 MP: 9/9
  6599 | D:6      | Noticed Pikel
  6615 | D:6      | Killed Pikel
  6615 | D:6      | Reached skill level 1 in Dodging
  6748 | D:6      | Noticed Dowan
  6749 | D:6      | Noticed Duvessa
  6758 | D:6      | Found a staircase to the Ecumenical Temple.
  6763 | D:6      | Killed Dowan
  6763 | D:6      | Reached skill level 1 in Maces & Flails
  6772 | D:6      | Killed Duvessa
  6797 | Temple   | Entered the Ecumenical Temple
  6857 | Temple   | Became a worshipper of Warmaster Okawaru
  7087 | D:6      | Reached skill level 11 in Axes
  7268 | D:7      | Reached * piety under Okawaru
  7342 | D:7      | Found Comnat's General Store.
  7512 | D:7      | Reached XP level 10. HP: 81/88 MP: 10/10
  7618 | D:7      | Got an encrusted arbalest
  8208 | D:8      | Reached ** piety under Okawaru
  8421 | D:8      | Reached skill level 1 in Invocations
  8782 | D:8      | Found a staircase to the Lair.
  8895 | D:8      | Found a runed translucent door.
  8983 | D:8      | Reached skill level 1 in Throwing
  9036 | D:8      | Got a smoking rapier
  9263 | D:8      | Found a hide-covered altar of Uskayaw.
  9271 | D:8      | Found a shattered altar of Ashenzari.
  9271 | D:8      | Found a deep blue altar of Sif Muna.
  9275 | D:8      | Found a shadowy altar of Dithmenos.
  9276 | D:8      | Found a white marble altar of Elyvilon.
  9277 | D:8      | Found a radiant altar of Vehumet.
  9497 | D:8      | Identified the +6 rapier "Beablone" {freeze, -Tele rPois
                  | Int+4} (You found it on level 8 of the Dungeon)
  9519 | D:8      | Upgraded the game from 0.24-a0-516-g9de272b to
                  | 0.24-a0-517-gd52e2fb
  9564 | D:9      | Found a staircase to the Orcish Mines.
  9714 | D:9      | Reached skill level 12 in Axes
  9742 | D:9      | Reached *** piety under Okawaru
 10349 | D:9      | Found a transporter.
 10358 | D:9      | Found a transporter.
 10358 | D:9      | Noticed Brisketman's ghost (journeyman MiBe)
 10360 | D:9      | Noticed a two-headed ogre
 10361 | D:9      | Identified the cursed +3 dire flail of Rudokoal {flame,
                  | rElec rN+ Str+3}
 10361 | D:9      | Noticed a two-headed ogre
 10405 | D:9      | Reached skill level 1 in Short Blades
 10427 | D:9      | Reached skill level 1 in Polearms
 10427 | D:9      | Reached XP level 11. HP: 41/95 MP: 14/14
 11151 | D:9      | Reached **** piety under Okawaru
 11646 | Orc:1    | Entered Level 1 of the Orcish Mines
 11715 | Orc:1    | Noticed an orc knight
 11716 | Orc:1    | Noticed an orc sorcerer
 11726 | Orc:1    | Killed an orc sorcerer
 11745 | Orc:1    | Killed an orc knight
 11882 | Orc:1    | Noticed a two-headed ogre
 11890 | Orc:1    | Killed a two-headed ogre
 11890 | Orc:1    | Reached ***** piety under Okawaru
 11893 | Orc:1    | Received a gift from Okawaru
 11959 | Orc:1    | Noticed an ettin
 12345 | Orc:2    | Entered Level 2 of the Orcish Mines
 12345 | Orc:2    | Noticed an orc sorcerer
 12351 | Orc:2    | Noticed an orc warlord
 12352 | Orc:2    | Noticed an orc high priest
 12352 | Orc:2    | Noticed an orc high priest
 13074 | Orc:2    | Noticed an orc knight
 13549 | Orc:1    | Noticed a cyclops
 13580 | Orc:1    | Killed a cyclops
 13580 | Orc:1    | Reached skill level 5 in Invocations
 13780 | Lair:1   | Entered Level 1 of the Lair of Beasts
 13789 | Lair:1   | Noticed a six-headed hydra
 13830 | Lair:1   | Killed a six-headed hydra
 14464 | Lair:1   | Received a gift from Okawaru
 14552 | Lair:1   | Noticed a five-headed hydra
 14566 | Lair:1   | Killed a seven-headed hydra
 14566 | Lair:1   | Reached skill level 5 in Polearms
 14566 | Lair:1   | Reached XP level 12. HP: 75/104 MP: 13/16
 15035 | Lair:2   | Found a staircase to the Snake Pit.
 15238 | Lair:2   | Reached skill level 5 in Maces & Flails
 15276 | Lair:2   | Noticed a six-headed hydra
 15277 | Lair:2   | Noticed a six-headed hydra
 15938 | Lair:2   | Reached skill level 10 in Shields
 16447 | Lair:2   | HP: 2/105 [ten-headed hydra (8)]
 16447 | Lair:2   | Slain by a ten-headed hydra

Levels and vault maps discovered:
D:1:      minmay_arrival_five_plusses, layout_loops_corners,
          ebering_dispersal_statue_hall, chequers_big_river
D:2:      layout_loops_ring, minmay_unequal, uniq_robin
D:3:      layout_loops_cross, ebering_ghost_rock_garden, eino_tiny_chamber,
          uniq_grinder, uniq_ijyb, uniq_terence
D:4:      minmay_goblin_kobold_castle, layout_gridville, first_ration,
          ebering_ghost_disaster_area, nicolae_dithmenos_shadow_blocks
D:5:      layout_basic, serial_shops, shop, lightli_sewer_entry_pipes
D:6:      layout_loops_ring, minmay_temple_entry_overgrown,
          minmay_curled_crystal, minmay_small_thing, uniq_duvessa, uniq_pikel
D:7:      layout_loops_ring, serial_shops, nicolae_shop_stone
D:8:      minmay_the_grid_four_pointed_star
          [minmay_the_grid_triangle_9x9_subtriangle,
          minmay_the_grid_triangle_9x9_corruption,
          minmay_the_grid_triangle_9x9_swiss_cheese,
          minmay_the_grid_triangle_9x9_stretched_checkered,
          minmay_the_grid_prize_shrinking_boxes], layout_loops_corners,
          minitemple, grunt_ogre_cave
D:9:      layout_layer_cave, david_orc_3, gammafunk_ghost_smash, serial_ice,
          serial_ice_j, serial_ice_h, serial_ice_o, serial_ice_n,
          minmay_misc_feat_more_columns, dk_noncrumbling_3, wad_rectangle_vault
Temple:   nicolae_temple_elliptical
Lair:1:   layout_regular_city, cheibrodos_lair_lostbears,
          infiniplex_staircase_pool_2
Lair:2:   beast_lair_carwin_large_4, layout_cave_pods,
          minmay_snake_entry_six_corridors, basic_altar
Orc:1:    giant_chief_lemuel, layout_diamond_mine, portal_ice_cave_entry_imps
Orc:2:    grunt_orc_gardens, layout_caves, grunt_orc_garden, grunt_orc_garden,
          grunt_orc_garden, grunt_orc_garden, basic_altar

Skill      XL: |  1  2  3  4  5  6  7  8  9 10 11 12 |
---------------+-------------------------------------+-----
Fighting       | 4 5 6 7 8 9 |  9.5
Axes           | 3 4 6 8 10 11 12 | 12.7
Shields        | 4 5 6 7 8 9 10 | 10.0
Armour         | 4 5 7 8 9 |  9.4
Dodging        | 1 |  1.1
Maces & Flails | 2 3 4 5 |  5.6
Invocations    | 4 5 |  5.8
Throwing       | 1 |  1.6
Short Blades   | 1 3 4 |  4.1
Polearms       | 1 5 |  5.1
Stealth        | |  0.7
Evocations     | |  0.5

Action                   |  1- 3 |  4- 6 |  7- 9 | 10-12 || total
-------------------------+-------+-------+-------+-------++-------
Melee: War axe           |   126 |   173 |   520 |   180 ||   999
       Whip              |       |       |    85 |    18 ||   103
       Rapier            |       |       |       |   241 ||   241
       Trident           |       |       |       |   163 ||   163
       Hand axe          |       |       |       |   115 ||   115
Throw: Boomerang         |    19 |     3 |     4 |    12 ||    38
       Dart              |       |       |       |    33 ||    33
Invok: Heroism           |       |       |       |     6 ||     6
Evoke: Wand              |       |       |       |    15 ||    15
       Box of beasts     |       |       |       |     1 ||     1
       Lightning rod     |       |       |       |     1 ||     1
  Use: Scroll            |     1 |     1 |     7 |    12 ||    21
       Potion            |       |       |     2 |     9 ||    11
 Stab: Confused          |       |       |       |     2 ||     2
  Eat: Ration            |     1 |       |     2 |     6 ||     9
       Chunk             |       |     6 |     7 |    11 ||    24
Armor: Scale mail        |    82 |    20 |       |       ||   102
       Chain mail        |       |    77 |   257 |   119 ||   453
       Plate armour      |       |       |       |   256 ||   256
Dodge: Dodged            |    45 |    40 |   183 |   248 ||   516
Block: Shield            |    73 |    81 |   347 |   490 ||   991

Table legend:
 A = Non-vault XP
 B = Vault XP
 C = Vault XP percentage of total XP
 D = Non-vault monster count
 E = Vault monster count
 F = Vault count percentage of total count
                 A         B        C        D         E       F
            +---------+---------+-------+---------+---------+-------
      Total |   12022 |    9917 |  45.2 |     209 |     179 |  46.1
            +---------+---------+-------+---------+---------+-------
        D:1 |      38 |       0 |   0.0 |      22 |       0 |   0.0
        D:2 |      45 |      37 |  45.1 |      18 |      15 |  45.5
        D:3 |      65 |     354 |  84.5 |      17 |       3 |  15.0
        D:4 |     558 |     486 |  46.6 |      17 |      45 |  72.6
        D:5 |     421 |      79 |  15.8 |      23 |       9 |  28.1
        D:6 |     325 |    1026 |  75.9 |       8 |       5 |  38.5
        D:7 |    1564 |       0 |   0.0 |      29 |       0 |   0.0
        D:8 |    1180 |     883 |  42.8 |      17 |       9 |  34.6
        D:9 |    1850 |    1456 |  44.0 |      21 |      18 |  46.2
     Lair:1 |    2240 |     922 |  29.2 |       4 |       3 |  42.9
     Lair:2 |     977 |    2514 |  72.0 |       6 |      22 |  78.6
      Orc:1 |    2759 |    1894 |  40.7 |      27 |       8 |  22.9
      Sewer |       0 |     266 | 100.0 |       0 |      42 | 100.0
            +---------+---------+-------+---------+---------+-------
